 Dungeon Crawl Stone Soup version 0.30-b1-2-g02819fbbbe (webtiles) character file.

Game seed: 3477428292782315698

36243 raph the Severer (level 13, -2/117 HPs)
             Began as a Hill Orc Fighter on Jan 13, 2024.
             Was a High Priest of Zin.
             Slain by an eight-headed hydra (11 damage)
             ... on level 5 of the Lair of Beasts.
             The game lasted 00:23:01 (18787 turns).

raph the Severer (Hill Orc Fighter)                Turns: 18787, Time: 00:23:02

Health: -2/117     AC: 24    Str: 24    XL:     13   Next: 89%
Magic:  21/21      EV: 15    Int: 12    God:    Zin [*****.]
Gold:   597        SH: 12    Dex: 18    Spells: 12/12 levels left

rFire   . . .        b - +2 flail (venom)
rCold   . . .        c - +0 buckler
rNeg    . . .        G - +0 plate armour
rPois   ∞            N - +1 helmet
rElec   .            j - +0 cloak {Will+}
rCorr   .            O - +2 pair of gloves
SInv    .            h - +1 pair of boots
Will    ++...        M - amulet of reflection Stlth
                     L - ring of willpower
HPRegen 0.39/turn    t - +5 ring of evasion
MPRegen 0.17/turn

%: reflection
@: mighty, vitalised
A: no striking features
a: Renounce Religion, Recite, Vitalisation, Imprison, Sanctuary, Donate Gold


You were on level 5 of the Lair of Beasts.
You worshipped Zin.
Zin was extremely pleased with you.
You visited 2 branches of the dungeon, and saw 15 of its levels.
You also visited: Ossuary.

You collected 787 gold pieces.
You spent 112 gold pieces at shops.
You donated 78 gold pieces to Zin.

Inventory:

Hand Weapons
 a - a +2 war axe of electrocution
 b - a +2 flail of venom (weapon)
 E - a +0 heavy war axe
 J - a +0 war axe of protection
 K - a +0 battleaxe
Missiles
 H - 6 poisoned darts
 I - 11 boomerangs (quivered)
Armour
 c - a +0 buckler (worn)
 h - a +1 pair of boots (worn)
 j - a +0 cloak of willpower (worn)
 w - a +1 cloak
 G - a +0 plate armour (worn)
 N - a +1 helmet (worn)
 O - a +2 pair of gloves (worn)
Jewellery
 l - a ring of magical power
 n - an amulet of the acrobat
 t - a +5 ring of evasion (right hand)
 x - a ring of positive energy
 A - a ring of wizardry
 L - a ring of willpower (left hand)
 M - an amulet of reflection (around neck)
Wands
 B - a wand of digging (5)
 C - a wand of iceblast (20)
 P - a wand of light (6)
 Q - a wand of mindburst (7)
Scrolls
 f - 2 scrolls of blinking
 k - 3 scrolls of fear
 y - 2 scrolls of magic mapping
 z - 6 scrolls of teleportation
 D - 2 scrolls of fog
 F - 4 scrolls of identify
 R - 2 scrolls of amnesia
Potions
 d - a potion of might
 e - 2 potions of berserk rage
 g - 3 potions of mutation
 i - a potion of brilliance
 m - 4 potions of curing
 o - 7 potions of attraction
 p - 3 potions of flight
 q - 2 potions of resistance
 r - 2 potions of magic
 s - a potion of cancellation
 u - 5 potions of haste
 v - a potion of ambrosia


   Skills:
 + Level 11.9 Fighting
 - Level 16.0 Axes
 + Level 10.9 Armour
 + Level 6.4 Dodging
 + Level 10.9 Shields
 + Level 11.8 Invocations


You had 12 spell levels left.
You didn't know any spells.
Your spell library contained the following spells:

 Spells                   Type           Power      Damage    Failure   Level
 Cigotuvi's Dreadful Rot  Necr/Pois/Air  0%         N/A       99%         2
 Poisonous Vapours        Pois/Air       0%         N/A       99%         2
 Sublimation of Blood     Necr           0%         N/A       99%         2
 Wereblood                Tmut           0%         N/A       99%         2
 Call Canine Familiar     Summ           0%         N/A       100%        3
 Mephitic Cloud           Conj/Pois/Air  0%         N/A       100%        3
 Ozocubu's Armour         Ice            0%         N/A       100%        3
 Portal Projectile        Hex/Tloc       0%         N/A       100%        3
 Leda's Liquefaction      Hex/Erth       0%         N/A       100%        4
 Petrify                  Tmut/Erth      0%         N/A       100%        4
 Irradiate                Conj/Tmut      0%         3d11      100%        5
 Ozocubu's Refrigeration  Ice            0%         4d7       100%        7
 Summon Hydra             Summ           0%         N/A       100%        7


Dungeon Overview and Level Annotations

Branches:
Dungeon (10/15)            Temple (0/1) D:5            Lair (5/5) D:10
  Swamp (0/4) Lair:3        Snake (0/4) Lair:3      Ossuary (visited)
  Slime: Lair:4-5       Orc: D:9-12

Altars:
Ashenzari
Cheibriados
Dithmenos
Elyvilon
Gozag
Kikubaaqudgha
Makhleb
Nemelex Xobeh
Okawaru
Qazlal
Uskayaw
Vehumet
Wu Jian
Xom
Zin
The Shining One

Shops:
D:1 (   D:8 ?


Message History

The eight-headed hydra is moderately wounded.
The eight-headed hydra looks more healthy.
You sock the eight-headed hydra!
The eight-headed hydra is severely wounded.
The eight-headed hydra misses you.
You block the eight-headed hydra's attack. x3
The eight-headed hydra bites you but does no damage.
The eight-headed hydra closely misses you.
The eight-headed hydra bites you.
* * * LOW HITPOINT WARNING * * *
The eight-headed hydra misses you.
You bludgeon the eight-headed hydra!!
The eight-headed hydra is almost dead.
The eight-headed hydra closely misses you.
The eight-headed hydra bites you.
* * * LOW HITPOINT WARNING * * *
The eight-headed hydra bites you but does no damage.
You block the eight-headed hydra's attack.
The eight-headed hydra bites you but does no damage.
You block the eight-headed hydra's attack.
The eight-headed hydra bites you but does no damage.
The eight-headed hydra completely misses you.
You barely miss the eight-headed hydra.
The eight-headed hydra is almost dead.
The eight-headed hydra bites you.
* * * LOW HITPOINT WARNING * * *
The eight-headed hydra closely misses you.
The eight-headed hydra bites you but does no damage.
The eight-headed hydra closely misses you.
The eight-headed hydra bites you but does no damage.
The eight-headed hydra bites you.
* * * LOW HITPOINT WARNING * * *
You block the eight-headed hydra's attack.
The eight-headed hydra bites you but does no damage.
You sock the eight-headed hydra!
The eight-headed hydra is almost dead.
The eight-headed hydra barely misses you.
You block the eight-headed hydra's attack. x2
The eight-headed hydra bites you!
You die...

....... ....... .......
....... .......##
........# ......D.##
.......@.###
...........##
............# ########
............###..##..###
............)...........
........................
........................
........................
.......................


You could see an eight-headed hydra.

Vanquished Creatures
  A hydra (Lair:5)
  4 death yaks (Lair:3)
  Amaemon (Lair:1)
  2 bog bodies (Lair:3)
  A skyshark (Lair:5)
  A lindwurm (Lair:2)
  9 elephants
  5 black mambas
  An orange demon (Lair:1)
  10 cane toads
  A torpor snail (D:10)
  4 rime drakes
  8 komodo dragons
  Psyche (D:10)
  2 polar bears
  9 blink frogs (Lair:5)
  38 yaks
  2 basilisks
  2 steam dragons
  5 vampire mosquitoes (D:10)
  Edmund (D:4)
  An acid dragon (D:9)
  31 water moccasins
  3 orc warriors
  An ice beast (D:7)
  An ogre (D:6)
  3 sky beasts
  A black bear (D:5)
  20 wolves
  9 centaurs
  Blork the orc (D:5)
  An elf zombie (Ossuary)
  18 bullfrogs
  5 scorpions
  9 wights
  20 killer bees
  A centaur zombie (Ossuary)
  A crimson imp (D:5)
  3 human zombies (Ossuary)
  5 hounds
  2 jellies
  An orc priest (D:5)
  A gnoll bouda (D:6)
  2 sleepcaps
  An iguana (D:4)
  10 orc wizards
  7 hell rats
  Robin (D:4)
  2 mummies (Ossuary)
  7 gnolls
  28 adders
  A white imp (D:6)
  2 adder zombies (Ossuary)
  A worm (D:3)
  A dart slug (D:5)
  25 orcs
  4 endoplasms
  3 giant cockroaches (D:1)
  4 hobgoblins
  8 jackals
  10 kobolds
  3 quokkas
  3 ball pythons
  4 bats
  3 frilled lizards
  13 goblins
  A goblin zombie (Ossuary)
  11 hobgoblin zombies (Ossuary)
  10 kobold zombies (Ossuary)
  8 orc zombies (Ossuary)
  3 rats
422 creatures vanquished.

Vanquished Creatures (others)
  20 fungi
  29 plants
49 creatures vanquished.

Grand Total: 471 creatures vanquished

Notes
Turn   | Place    | Note
-------+----------+-------------------------------------------
     0 | D:1      | raph the Hill Orc Fighter began the quest for the Orb.
     0 | D:1      | Reached XP level 1. HP: 19/19 MP: 1/1
    50 | D:1      | Reached skill level 3 in Axes
   147 | D:1      | Reached XP level 2. HP: 27/27 MP: 2/2
   220 | D:1      | Found Otsinniu's Antique Weapon Boutique.
   697 | D:1      | Reached XP level 3. HP: 31/33 MP: 3/3
   742 | D:1      | Found a faded altar of an unknown god.
  1279 | D:2      | Reached skill level 4 in Axes
  1711 | D:3      | Reached XP level 4. HP: 40/40 MP: 4/4
  2090 | D:3      | Found a white marble altar of Elyvilon.
  2683 | D:4      | Reached XP level 5. HP: 35/47 MP: 5/5
  2747 | D:4      | Found a glowing silver altar of Zin.
  2800 | D:4      | Reached skill level 5 in Axes
  2819 | D:4      | Became a worshipper of Zin the Law-Giver
  2819 | D:4      | Reached * piety under Zin
  2938 | D:4      | Noticed Robin
  2955 | D:4      | Killed Robin
  3113 | D:4      | Found an ornate altar of the Wu Jian Council.
  3126 | D:4      | Reached skill level 1 in Invocations
  3126 | D:4      | Reached XP level 6. HP: 46/53 MP: 6/6
  3517 | D:5      | Entered Level 5 of the Dungeon
  3517 | D:5      | Noticed a sky beast
  3522 | D:5      | Killed a sky beast
  3546 | D:5      | Noticed Edmund
  3557 | D:5      | Noticed Blork the orc
  3594 | D:4      | Killed Edmund
  3595 | D:4      | Reached skill level 5 in Fighting
  3595 | D:4      | Reached skill level 6 in Axes
  3595 | D:4      | Reached XP level 7. HP: 36/61 MP: 8/8
  3796 | D:5      | Killed Blork the orc
  3824 | D:5      | Found a shimmering altar of Xom.
  3826 | D:5      | Found a shadowy altar of Dithmenos.
  3826 | D:5      | Found an opulent altar of Gozag.
  3828 | D:5      | Found a snail-covered altar of Cheibriados.
  3828 | D:5      | Found a shimmering altar of Xom.
  3828 | D:5      | Found a stormy altar of Qazlal.
  4076 | D:5      | Reached skill level 5 in Shields
  4121 | D:5      | Reached skill level 5 in Armour
  4173 | D:5      | Reached skill level 7 in Axes
  4226 | D:5      | Reached XP level 8. HP: 61/70 MP: 10/10
  4613 | D:5      | Found a radiant altar of Vehumet.
  4614 | D:5      | Found a burning altar of Makhleb.
  4689 | D:5      | Found a staircase to the Ecumenical Temple.
  4941 | D:6      | Reached skill level 8 in Axes
  4947 | D:6      | Reached ** piety under Zin
  5541 | D:6      | Reached skill level 9 in Axes
  5541 | D:6      | Reached XP level 9. HP: 69/78 MP: 12/12
  5610 | D:6      | Reached skill level 5 in Invocations
  5987 | D:6      | Found a broken altar of Ashenzari.
  6213 | D:7      | Found a sand-covered staircase.
  6270 | Ossuary  | Entered an ossuary
  6559 | Ossuary  | Reached *** piety under Zin
  7041 | D:7      | Reached skill level 10 in Axes
  7848 | D:8      | Found Gotiwoza's Magic Scroll Shop.
  7856 | D:8      | Bought a scroll of enchant armour for 112 gold pieces
  7885 | D:8      | Reached **** piety under Zin
  8099 | D:8      | Reached skill level 1 in Dodging
  8106 | D:8      | Reached XP level 10. HP: 88/88 MP: 14/14
  8391 | D:9      | Reached skill level 11 in Axes
  9449 | D:10     | Entered Level 10 of the Dungeon
  9449 | D:10     | Noticed Psyche
  9493 | D:10     | Killed Psyche
  9649 | D:10     | Reached ***** piety under Zin
  9662 | D:10     | Found a staircase to the Lair.
  9766 | D:10     | Reached skill level 12 in Axes
 10107 | D:10     | Reached XP level 11. HP: 92/95 MP: 16/16
 10162 | D:10     | Found a snail-covered altar of Cheibriados.
 10170 | D:10     | Found an ancient bone altar of Kikubaaqudgha.
 10173 | D:10     | Found a shadowy altar of Dithmenos.
 10173 | D:10     | Found a hide-covered altar of Uskayaw.
 10191 | D:10     | Found an iron altar of Okawaru.
 10309 | D:10     | Found a sparkling altar of Nemelex Xobeh.
 10353 | D:10     | Found a glowing golden altar of the Shining One.
 10597 | Lair:1   | Entered Level 1 of the Lair of Beasts
 11090 | D:10     | Reached skill level 13 in Axes
 12571 | Lair:1   | Reached XP level 12. HP: 91/106 MP: 18/18
 12579 | Lair:1   | Reached skill level 14 in Axes
 12632 | Lair:1   | Found a broken altar of Ashenzari.
 12893 | Lair:1   | Found a stormy altar of Qazlal.
 13013 | Lair:1   | Noticed Amaemon
 13027 | Lair:1   | Killed Amaemon
 13308 | Lair:2   | Reached skill level 10 in Fighting
 14267 | Lair:2   | Reached skill level 10 in Invocations
 14275 | Lair:2   | Reached skill level 15 in Axes
 14275 | Lair:2   | Reached skill level 5 in Dodging
 15285 | Lair:3   | Reached XP level 13. HP: 111/114 MP: 20/20
 15305 | Lair:3   | Reached skill level 10 in Shields
 15391 | Lair:3   | Found a staircase to the Snake Pit.
 15572 | Lair:3   | Reached skill level 10 in Armour
 15598 | Lair:3   | HP: 1/116 [death yak (16)]
 15629 | Lair:3   | HP: 3/116 [black mamba (10)]
 16314 | Lair:3   | Found a staircase to the Swamp.
 16337 | Lair:3   | Reached skill level 16 in Axes
 17701 | Lair:5   | Entered Level 5 of the Lair of Beasts
 17815 | Lair:5   | Got the Guidebook on Venin
 18787 | Lair:5   | Slain by an eight-headed hydra

Illustrated notes

Levels and vault maps discovered:
D:1:      saegor_arrival_miasma, layout_basic, serial_shops,
          nicolae_shop_scrapyard, ebering_ecumenical_altar_mist,
          minmay_indecisive_spiral
D:2:      layout_rooms, roderic_roman_lattice, hex_medium
D:3:      layout_loops_ring, mainiacjoe_overflow_six_doors_small,
          serial_co_window_serial, co_window_of_opportunity_a,
          co_window_of_opportunity_a, co_window_paths_a, co_window_paths_a,
          co_window_paths_a, co_window_unsneaky_path_e, co_window_broadway_c,
          co_window_broadway_a, co_window_unsneaky_path_e,
          co_window_of_opportunity_c, co_window_paths_e, glass_columns_c,
          glass_columns_c, glass_columns_a, glass_columns_a
D:4:      layout_loops_cross, mainiacjoe_overflow_paths, kennysheep_little_box,
          grunt_decor_mini_mirrors, uniq_robin
D:5:      layout_rooms, grunt_temple_overflow_lords_of_destruction,
          doesnt_xom_only_xom, lemuel_temple_firewalk_a, abandoned_shop,
          uniq_blork_the_orc, uniq_edmund
D:6:      layout_cave_pods, lemuel_coloured_pillars_altar,
          hangedman_decor_lopped
D:7:      layout_rooms, enter_ossuary_5, roderic_nine_men_s_morris
D:8:      layout_gridville, serial_shops, shop_scrolls
D:9:      layout_loops_ring, st_stairs_2
D:10:     hellmonk_destroyed_diamonds, layout_rooms, tso_metal_star,
          nemelex_altar_shiori, nicolae_overflow_hallway_of_the_gods,
          uniq_psyche
Lair:1:   lemuel_reptile_caves, layout_gridlike, basic_altar,
          lemuel_centaur_altar, uniq_amaemon
Lair:2:   layout_regular_city
Lair:3:   layout_regular_city, skrybe_swamp_entry_bodies,
          guppyfry_snake_entry_island, beast_lair_carwin_1
Lair:4:   layout_gridlike, serial_bayou_shore_b
Lair:5:   hangedman_lair_in_review, layout_regular_city, slime_entry_2

Skill      XL: |  1  2  3  4  5  6  7  8  9 10 11 12 13 |
---------------+----------------------------------------+-----
Axes           | 3 4 5 6 7 9 10 12 13 15 16 | 16.0
Fighting       | 4 5 6 7 8 9 10 11 | 11.9
Armour         | 4 5 6 7 8 9 10 | 10.9
Shields        | 4 5 6 7 8 9 10 | 10.9
Invocations    | 1 2 3 4 6 7 9 10 11 | 11.8
Dodging        | 1 3 4 5 6 |  6.4

Action                     |  1- 3 |  4- 6 |  7- 9 | 10-12 | 13-15 || total
---------------------------+-------+-------+-------+-------+-------++-------
  Melee: War axe           |   105 |   110 |   465 |   617 |   332 ||  1629
         Flail             |       |       |       |       |    19 ||    19
  Throw: Dart              |       |       |       |       |     4 ||     4
         Boomerang         |       |       |       |       |     4 ||     4
 Invoke: Recite            |       |     1 |    11 |     4 |       ||    16
         Vitalisation      |       |       |       |     5 |     2 ||     7
         Sanctuary         |       |       |       |       |     1 ||     1
  Evoke: Wand              |       |       |       |       |     2 ||     2
    Use: Scroll            |     8 |     4 |    14 |     7 |     2 ||    35
         Potion            |       |       |       |     6 |     4 ||    10
   Stab: Invisible         |       |       |       |     1 |       ||     1
         Paralysed         |       |       |       |     2 |       ||     2
         Confused          |       |       |       |     1 |       ||     1
 Armour: Scale mail        |    66 |    38 |    45 |       |       ||   149
         Chain mail        |       |       |   189 |    39 |       ||   228
         Plate armour      |       |       |       |   366 |   149 ||   515
  Dodge: Dodged            |    50 |    76 |   298 |   417 |   171 ||  1012
  Block: Buckler           |    27 |    32 |   139 |   322 |   182 ||   702
         Reflection        |       |       |       |     4 |     1 ||     5
